 Dungeon Crawl Stone Soup version 0.24.0 (webtiles) character file.

Game seed: 3942722601168169614, levelgen mode: deterministic

333 Buxparty the Poker (level 6, -4/47 HPs)
             Began as a Mummy Gladiator on Jan 26, 2020.
             Slain by an ogre
             ... wielding a +0 giant spiked club
              (26 damage)
             ... on level 4 of the Dungeon.
             The game lasted 00:07:41 (3990 turns).

Buxparty the Poker (Mummy Gladiator)                Turns: 3990, Time: 00:07:42

Health: -4/47      AC:  7    Str: 20    XL:     6   Next: 27%
Magic:  6/6        EV: 11    Int:  7    God:
Gold:   168        SH:  0    Dex: 13    Spells: 5/5 levels left

rFire    x . .     SeeInvis .   a - +0 trident
rCold    + . .     Gourm    .   (no shield)
rNeg     + + +     Faith    .   g - +0 scale mail
rPois    ∞         Spirit   .   c - +0 helmet
rElec    .         Reflect  .   (no cloak)
rCorr    .         Harm     .   (no gloves)
MR       .....                  (no boots)
Stlth    ..........             (no amulet)
HPRegen  0.15/turn              (no ring)
MPRegen  0.10/turn              (no ring)

@: no status effects
A: no food or potions, fire vulnerability, cold resistance 1, negative energy
resistance 3, torment resistance, unbreathing
a: no special abilities


You were on level 4 of the Dungeon.
You were not hungry.

You visited 1 branch of the dungeon, and saw 4 of its levels.

You collected 168 gold pieces.

Inventory:

Hand Weapons
 a - a +0 trident (weapon)
Missiles
 d - a throwing net (quivered)
 k - 7 poisoned darts
 m - 6 javelins
Armour
 c - a +0 helmet (worn)
 g - a +0 scale mail (worn)
Wands
 l - a wand of flame (18)
Scrolls
 b - 4 scrolls of identify {unknown}
 e - 2 scrolls of immolation {unknown}
 f - 2 scrolls of enchant weapon {unknown}
 h - 2 scrolls of remove curse {unknown}
 i - a scroll of blinking {unknown}
 j - a scroll of fog {unknown}
 n - a scroll of teleportation {unknown}


   Skills:
 + Level 3.6 Fighting
 * Level 4.3 Polearms
 - Level 1.5 Throwing
 + Level 1.1 Armour
 + Level 3.4 Dodging


You had 5 spell levels left.
You didn't know any spells.
Your spell library was empty.

Dungeon Overview and Level Annotations

Branches:
Dungeon (4/15)
 Temple: D:4-7

Altars:
Qazlal
Uskayaw


Innate Abilities, Weirdness & Mutations

You do not eat or drink.
Your flesh is vulnerable to fire.
You are immune to poison.
Your flesh is cold resistant. (rC+)
You are immune to negative energy. (rN+++)
You are immune to unholy pain and torment.
You can survive without breathing.


Message History

Throwing (i - inventory. (/) - cycle)
d - 2 throwing nets (quivered)
Press: ? - help, Shift-Dir - straight line, f/p - ogre
Aim: an ogre, wielding a +0 giant spiked club You throw a throwing net.
The throwing net barely misses the ogre.
You barely miss the ogre. The giant cockroach closely misses you.
The ogre barely misses you. The giant cockroach closely misses you.
You puncture the ogre!
The ogre is moderately wounded.
The giant cockroach bites you but does no damage.
The ogre misses you.
You hit the ogre but do no damage.
The ogre is moderately wounded.
The giant cockroach barely misses you.
You hit the ogre.
The ogre is moderately wounded.
The giant cockroach bites you but does no damage.
The ogre hits you with a +0 giant spiked club!!
Ouch! That really hurt!
You die...

.....................
#.
...................##
#..
..........###<.......
#...
######.#..........##
#....###
#.#............
+....†..
#.#..##########
#....### #.#.........
#... #
#.##(########## #.. #
#.##..O@s...... #. #
#.############# # #
#..........# #
##########.# # #.# #
#.# # #.# # #.# #
#.#############


You could see an ogre and a giant cockroach.

Vanquished Creatures
  A scorpion (D:4)
  A hound (D:2)
  An orc priest (D:3)
  An iguana (D:4)
  An orc wizard (D:3)
  4 gnolls
  3 adders
  An ooze (D:3)
  2 worms
  2 dart slugs
  A leopard gecko (D:1)
  8 orcs (D:3)
  2 ball pythons
  6 bats
  5 giant cockroaches
  10 goblins
  10 hobgoblins
  11 jackals
  2 frilled lizards (D:2)
  6 kobolds
  2 rats
80 creatures vanquished.

Vanquished Creatures (others)
  2 bushes (D:2)
2 creatures vanquished.

Grand Total: 82 creatures vanquished

Notes
Turn   | Place    | Note
-------+----------+-------------------------------------------
     0 | D:1      | Buxparty the Mummy Gladiator began the quest for the Orb.
     0 | D:1      | Reached XP level 1. HP: 16/16 MP: 1/1
   232 | D:1      | Reached XP level 2. HP: 17/22 MP: 2/2
   628 | D:1      | Reached skill level 3 in Polearms
   693 | D:1      | Reached XP level 3. HP: 28/28 MP: 3/3
  1349 | D:2      | Found a hide-covered altar of Uskayaw.
  1900 | D:2      | Found a stormy altar of Qazlal.
  2096 | D:2      | Reached XP level 4. HP: 26/34 MP: 4/4
  2831 | D:3      | Reached XP level 5. HP: 41/41 MP: 5/5
  3272 | D:3      | Reached skill level 4 in Polearms
  3840 | D:4      | Reached skill level 1 in Armour
  3840 | D:4      | Reached XP level 6. HP: 36/47 MP: 6/6
  3990 | D:4      | Slain by an ogre

Levels and vault maps discovered:
D:1:      matt_arrival_spirals, layout_loops_corners, minmay_hexomino_f4
D:2:      layout_basic, lemuel_round_altar, minmay_statues_item,
          minmay_hedge_maze, grunt_qazlal_clouds
D:3:      layout_basic
D:4:      layout_basic, serial_shops, nicolae_shop_statue_plus,
          uniq_crazy_yiuf_cottage
